 Dungeon Crawl Stone Soup version 0.26-a0-651-gb41185065b (webtiles) character file.

Game seed: 8543381390208423705

134856 Lanoc the Ripper (level 16, -4/85 HPs)
             Began as a Felid Berserker on Oct 31, 2020.
             Was the Champion of Trog.
             Slain by a vault warden
             ... wielding a +0 dire flail
              (42 damage)
             ... on level 1 of the Vaults.
             The game lasted 01:22:33 (38230 turns).

Lanoc the Ripper (Felid Berserker)                 Turns: 38230, Time: 01:22:34

Health: -4/85      AC:  4    Str: 17      XL:     16   Next: 33%
Magic:  17/17      EV: 38    Int: 13      God:    Trog [******]
Gold:   2487       SH:  5    Dex: 18 (19) Spells: 15/15 levels left
                                        Lives:  0   Deaths: 3

rFire    + . .     SeeInvis +     - Unarmed
rCold    . . .     Faith    .   (shield unavailable)
rNeg     . . .     Spirit   .   (armour unavailable)
rPois    .         Reflect  +   (helmet unavailable)
rElec    .         Harm     .   (cloak unavailable)
rCorr    .         Rampage  .   (gloves unavailable)
MR       ++++.                  (boots unavailable)
Stlth    ++++++++..             y - amulet of Fedhas's Approval {Reflect +Blink +Inv Str+4 Int+4 SH+5}
HPRegen  0.24/turn              L - ring "Ohorph" {MR++ EV+4 Dex-3}
MPRegen  0.15/turn              F - ring of Wonder {Fire Stlth+}

@: very slightly contaminated, invisible, quick
A: very small, no armour, no weapons or thrown items, stealth, claws 1, fangs 3,
rugged brown scales 1, see invisible, blink, deterioration 1, speed 1, shaggy
fur 3, subdued magic 1, sharp paws
}: 1/15 runes: barnacled
a: Blink, Berserk, Trog's Hand, Brothers in Arms, Renounce Religion, Evoke Blink


You were on level 1 of the Vaults.
You worshipped Trog.
Trog was exalted by your worship.
You visited 5 branches of the dungeon, and saw 28 of its levels.
You also visited: Sewer, Ossuary, Ice Cave and Volcano.

You collected 3038 gold pieces.
You spent 551 gold pieces at shops.

Inventory:

Jewellery
 y - the amulet of Fedhas's Approval (around neck) {Reflect +Blink +Inv Str+4 Int+4 SH+5}
   (You acquired it on level 2 of the Lair of Beasts)

   [amulet of reflection]

   It shields you and reflects attacks.
   It affects your strength (+4).
   It affects your intelligence (+4).
   It lets you turn invisible.
   It lets you blink.
   It affects your SH (+5).
 F - the ring of Wonder (right paw) {Fire Stlth+}
   (You found it on level 5 of the Lair of Beasts)

   [ring of fire]

   It enhances your fire magic.
   It protects you from fire.
   It makes you vulnerable to cold.
   It makes you more stealthy.
 L - the ring "Ohorph" (left paw) {MR++ EV+4 Dex-3}
   (You found it on level 6 of the Lair of Beasts)

   [ring of evasion]

   It affects your evasion (+4).
   It affects your dexterity (-3).
   It affects your resistance to hostile enchantments.
 M - an uncursed ring of poison resistance
 N - an uncursed ring of protection from cold
Wands
 n - a wand of enslavement (10)
 p - a wand of polymorph (6)
 u - a wand of disintegration (4)
 x - a wand of digging (1)
 C - a wand of acid (13)
 E - a wand of paralysis (10)
 G - a wand of random effects (55)
 J - a wand of flame (2)
Scrolls
 d - 11 scrolls of remove curse
 e - 7 scrolls of blinking
 f - 8 scrolls of fear
 q - 12 scrolls of teleportation
 r - 5 scrolls of fog
 s - 8 scrolls of identify
 v - 2 scrolls of magic mapping
 w - a scroll of silence
Potions
 a - 5 potions of resistance
 c - 2 potions of might
 g - 3 potions of curing
 h - a potion of berserk rage
 i - 7 potions of haste
 j - 2 potions of magic
 k - 2 potions of invisibility
 l - 5 potions of stabbing
 o - 8 potions of lignification
 t - 4 potions of mutation
 z - a potion of cancellation
 A - 4 potions of flight
 B - 3 potions of ambrosia
Miscellaneous
 m - a box of beasts (3/3)
 K - a phantom mirror


   Skills:
 + Level 16.5 Fighting
 + Level 18.0 Dodging
 - Level 16.0 Stealth
 * Level 20.5 Unarmed Combat
 + Level 14.8 Evocations


You had 15 spell levels left.
You didn't know any spells.
Your spell library was empty.

Dungeon Overview and Level Annotations

Branches:
Dungeon (15/15)            Temple (0/1) D:6            Lair (6/6) D:8
 Shoals (4/4) Lair:3        Snake (0/4) Lair:2        Slime (0/5) Lair:5
    Orc (2/2) D:9             Elf (0/3) Orc:2        Vaults (1/5) D:14
 Depths (0/5) D:15          Sewer (visited)         Ossuary (visited)
  IceCv (visited)         Volcano (visited)

Altars:
Ashenzari
Cheibriados
Gozag
Hepliaklqana
Kikubaaqudgha
Makhleb
Nemelex Xobeh
Qazlal
Ru
Sif Muna
Vehumet
Xom
Yredelemnul
Zin
The Shining One
Beogh

Shops:
D:5 }   D:6 }   D:7 *   D:13 (   Orc:2 (*((!   Shoals:3 (   Shoals:4 [

Portals:
Hell: Lair:6

Annotations:
D:6 Prince Ribbit


Innate Abilities, Weirdness & Mutations

You cannot wear armour.
You are incapable of wielding weapons or throwing items.
Your paws allow you to move quietly. (Stealth)
You have sharp claws.
You have razor-sharp teeth.
You have supernaturally acute eyesight. (SInv)
You cover ground quickly.
Your thick and shaggy fur keeps you warm. (AC +3, rC+)
Your sharp claws are effective at attacking unaware monsters.
You are partially covered in rugged brown scales. (AC +1, +3% HP)
You can translocate small distances at will.
Your body sometimes deteriorates upon taking damage.
Your spells are a little easier to cast, but a little less powerful.


Message History

The vault warden is moderately wounded.
You block the vault warden's attack.
You scratch the vault warden. You claw the vault warden.
The vault warden is moderately wounded.
The yaktaur shoots a bolt.
The bolt misses the vault warden.
The bolt completely misses you.
The vault warden hits you with a +0 dire flail!!
* * * LOW HITPOINT WARNING * * *
Your body deteriorates!
You feel clumsy.
You mangle the vault warden!!
The vault warden is severely wounded.
The yaktaur wields a +0 arbalest.
The yaktaur shoots a bolt.
The bolt closely misses the vault warden.
You feel much better. The vault warden completely misses you.
You claw the vault warden!
The vault warden is severely wounded.
The yaktaur shoots a bolt.
The bolt closely misses the vault warden.
The vault warden hits you with a +0 dire flail!!!
You die...

## ######### ..
#.......# # ..
#.......#### #..#c
#.......#...
#...c.#######((.....'...
#...c.p@(.(.(.#######...
..#######.....# #...
#.....# #... #.....#
#... #.....# ##''
####### #... #... #...
#...


You could see a vault warden and 3 yaktaurs.

Vanquished Creatures
  Jorgrun (D:15)
  A sphinx (Vaults:1)
  Polyphemus (Shoals:3)
  Kirke (Lair:6)
  Gastronok (D:8)
  Donald (Orc:2)
  A frost giant (Shoals:4)
  3 vault wardens (Vaults:1)
  2 ironheart preservers (Vaults:1)
  Nessos (Orc:2)
  A merfolk javelineer (Shoals:3)
  An ettin (Orc:1)
  4 yaktaur captains (Vaults:1)
  A fire dragon (Volcano)
  15 merfolk impalers
  7 vault guards
  A great orb of eyes (Vaults:1)
  An ice dragon (Vaults:1)
  8 hydras
  2 merfolk avatars (Shoals:4)
  3 centaur warriors
  2 merfolk aquamancers
  14 two-headed ogres
  A tengu warrior (D:15)
  4 ogre magi
  3 satyrs (Shoals:2)
  8 death yaks
  Urug (Orc:2)
  A sun demon (Lair:6)
  Nergalle (Lair:2)
  11 sea snakes
  5 wizards
  5 deep trolls (Vaults:1)
  5 unseen horrors
  25 harpies
  5 ironbrand convokers (Vaults:1)
  An oklob plant (Lair:4)
  A deep elf mage (D:15)
  Pikel (D:6)
  11 orc knights
  3 salamanders (Volcano)
  A necromancer (Lair:6)
  8 cyclopes
  16 fauns
  8 slime creatures (Vaults:1)
  17 ugly things
  15 manticores
  7 water nymphs
  12 merfolk sirens
  2 orange demons (Lair:6)
  Psyche (D:9)
  6 black mambas
  A gargoyle (D:7)
  18 cane toads
  6 ice devils
  4 rime drakes
  A freezing wraith (Vaults:1)
  2 yaktaurs (Vaults:1)
  8 komodo dragons
  An efreet (D:15)
  A hellwing (Lair:6)
  4 wind drakes
  40 merfolk
  7 trolls
  A troll (shapeshifter) (Vaults:1)
  11 polar bears (IceCv)
  17 blink frogs
  6 snapping turtles
  17 dream sheep
  16 hippogriffs
  8 water elementals
  A shadow (D:9)
  2 wraiths
  3 wyverns
  53 yaks
  Sigmund (D:2)
  4 hogs (Lair:6)
  2 basilisks
  2 vampire mosquitoes (D:14)
  6 fire bats (Volcano)
  6 steam dragons (Volcano)
  4 wargs
  3 nagas (Lair:2)
  A soldier ant (D:7)
  2 hell hounds (Lair:6)
  Duvessa (D:4)
  17 water moccasins
  2 acid dragons (Vaults:1)
  6 porcupines
  54 orc warriors
  3 ice beasts
  4 sky beasts
  2 phantoms
  4 black bears (D:8)
  3 eyes of draining
  13 centaurs
  4 boggarts (Vaults:1)
  13 wolves
  15 ogres
  23 crocodiles
  5 big kobolds
  2 lemures (D:6)
  Dowan (D:4)
  15 bullfrogs
  4 water moccasin zombies (Ossuary)
  2 scorpions (D:8)
  8 jellies
  10 killer bees
  21 wights
  A howler monkey (D:6)
  2 centaur zombies
  5 hounds
  17 orc priests
  17 orc wizards
  4 centaur skeletons
  Ijyb (D:4)
  A bullfrog skeleton (D:7)
  12 worker ants
  5 iguanas
  3 yak simulacra (Lair:6)
  A polar bear simulacrum (Lair:6)
  2 wolf simulacra (Lair:6)
  A big kobold zombie (Ossuary)
  4 ogre zombies (D:9)
  A hound skeleton (D:4)
  3 mummies
  Robin (D:2)
  3 gnolls (D:7)
  7 adders
  6 river rats
  A white imp (D:8)
  An ufetubus (D:8)
  4 oozes
  3 adder skeletons
  9 adder zombies
  A worm (D:4)
  3 dart slugs
  6 leopard geckos
  73 orcs
  6 giant cockroaches
  10 goblins
  11 hobgoblins
  22 jackals
  4 quokkas
  2 ball pythons (Sewer)
  4 bats
  10 frilled lizards
  4 gnoll zombies (Ossuary)
  A goblin zombie (D:9)
  8 hobgoblin zombies
  21 kobolds
  5 kobold zombies (Ossuary)
  A leopard gecko skeleton (D:9)
  3 orc skeletons (D:9)
  11 orc zombies
  A quokka zombie (D:9)
  18 rats
  5 river rat simulacra (Lair:6)
1094 creatures vanquished.

Vanquished Creatures (collateral kills)
  A frost giant (IceCv)
  A fire giant (D:15)
  A vault warden (Vaults:1)
  3 merfolk impalers
  A satyr (Shoals:3)
  2 merfolk aquamancers
  3 two-headed ogres
  2 death yaks
  6 ugly things
  An orc knight (Orc:2)
  A cyclops (D:15)
  A merfolk siren (Shoals:3)
  A torpor snail (Lair:6)
  A merfolk (Shoals:3)
  A troll (Orc:2)
  3 polar bears (IceCv)
  A slime creature (Vaults:1)
  2 water elementals (Shoals:3)
  12 yaks
  3 wargs (Orc:2)
  A water moccasin (Lair:6)
  2 hell hounds (Lair:6)
  7 orc warriors
  A phantom (D:9)
  An ogre (D:12)
  A bullfrog (D:9)
  2 troll zombies (D:9)
  2 killer bees (D:8)
  7 wights
  2 orc wizards
  3 orc priests
  A hound (D:7)
  2 ogre zombies (D:9)
  A white imp (D:9)
  11 orcs
  2 goblin skeletons (D:9)
  6 kobolds (D:8)
  An orc skeleton (D:9)
  9 orc zombies (D:9)
109 creatures vanquished.

Vanquished Creatures (others)
  A catoblepas (Shoals:3)
  A two-headed ogre (D:14)
  An orc knight (Vaults:1)
  An ugly thing (D:14)
  A faun (Shoals:2)
  2 vault sentinels (Vaults:1)
  3 yaktaurs (Vaults:1)
  A yaktaur (shapeshifter) (Vaults:1)
  A hornet (Vaults:1)
  A yak (D:12)
  A wind drake (Shoals:3)
  A human (Lair:6)
  An orc warrior (Vaults:1)
  A centaur (D:14)
  A worker ant (D:9)
  An ufetubus (D:6)
  A kobold (D:12)
  42 fungi
  133 plants
195 creatures vanquished.

Grand Total: 1398 creatures vanquished

Notes
Turn   | Place    | Note
-------+----------+-------------------------------------------
     0 | D:1      | Lanoc the Felid Berserker began the quest for the Orb.
     0 | D:1      | Reached XP level 1. HP: 10/10 MP: 2/2
    42 | D:1      | Reached XP level 2. HP: 14/14 MP: 3/3
    44 | D:1      | Reached skill level 1 in Stealth
   504 | D:2      | Reached ** piety under Trog
   507 | D:2      | Reached XP level 3. HP: 11/17 MP: 4/4
   509 | D:2      | Noticed Robin
   852 | D:2      | Killed Robin
  1067 | D:2      | Reached XP level 4. HP: 21/21 MP: 5/5
  1081 | D:2      | Found a hazy altar of Hepliaklqana.
  1127 | D:2      | Noticed Sigmund
  1137 | D:2      | Killed Sigmund
  1137 | D:2      | Reached skill level 5 in Dodging
  1137 | D:2      | Reached skill level 4 in Unarmed Combat
  1137 | D:2      | Reached XP level 5. HP: 25/25 MP: 6/6
  1504 | D:3      | Reached *** piety under Trog
  1982 | D:4      | Noticed Ijyb
  1990 | D:4      | Noticed Duvessa
  1996 | D:4      | Killed Ijyb
  1997 | D:4      | Noticed Dowan
  2115 | D:3      | Gained mutation: You are covered in thick fur. (AC +2)
                  | [Felid growth]
  2115 | D:3      | Reached XP level 6. HP: 17/28 MP: 5/7
  2240 | D:4      | Killed Duvessa
  2240 | D:4      | Reached skill level 5 in Unarmed Combat
  2245 | D:4      | Killed Dowan
  2524 | D:4      | Reached XP level 7. HP: 16/33 MP: 3/8
  3257 | D:4      | Reached skill level 1 in Evocations
  3429 | D:5      | Entered Level 5 of the Dungeon
  3449 | D:5      | Reached skill level 5 in Stealth
  3465 | D:5      | Reached skill level 6 in Unarmed Combat
  3483 | D:5      | Gained mutation: You are partially covered in rugged brown
                  | scales. (AC +1, +3% HP) [potion of mutation]
  3483 | D:5      | Gained mutation: You can translocate small distances at
                  | will. [potion of mutation]
  3518 | D:5      | Found a glowing drain.
  3544 | Sewer    | Entered a sewer
  3788 | Sewer    | Reached **** piety under Trog
  4192 | D:5      | Reached XP level 8. HP: 29/37 MP: 6/9
  4319 | D:5      | Reached skill level 5 in Fighting
  4589 | D:5      | Found a shimmering blue altar of Sif Muna.
  4601 | D:5      | Found a broken altar of Ashenzari.
  4636 | D:5      | Found a sparkling altar of Nemelex Xobeh.
  4713 | D:5      | Found Egettol's Gadget Shop.
  4717 | D:5      | Bought a box of beasts (3/3) for 220 gold pieces
  4729 | D:5      | Found an ancient bone altar of Kikubaaqudgha.
  4947 | D:5      | Found a stormy altar of Qazlal.
  5078 | D:6      | Found a sand-covered staircase.
  5126 | Ossuary  | Entered an ossuary
  5145 | Ossuary  | Reached skill level 7 in Unarmed Combat
  5687 | D:6      | Noticed Prince Ribbit
  5725 | D:6      | Found a staircase to the Ecumenical Temple.
  5743 | D:6      | Noticed Pikel
  5766 | D:6      | Killed Pikel
  5766 | D:6      | Reached XP level 9. HP: 42/42 MP: 6/10
  5871 | D:6      | Found an opulent altar of Gozag.
  5873 | D:6      | Found a radiant altar of Vehumet.
  5890 | D:6      | Reached ***** piety under Trog
  5998 | D:6      | Found Urokus's Gadget Emporium.
  6018 | D:6      | Reached skill level 8 in Unarmed Combat
  6132 | D:6      | Found a basalt altar of Yredelemnul.
  6704 | D:7      | Found Zin's Purification Station.
  6708 | D:7      | Found a glowing silver altar of Zin.
  6799 | D:7      | Noticed a gargoyle
  6819 | D:7      | Killed a gargoyle
  7079 | D:7      | Reached skill level 5 in Evocations
  7379 | D:7      | Reached skill level 9 in Unarmed Combat
  7412 | D:7      | You fall into a shaft and drop 1 floor!
  7727 | D:8      | Reached XP level 10. HP: 47/47 MP: 11/11
  7751 | D:8      | Noticed Gastronok
  7759 | D:8      | Killed from afar by Gastronok
  7760 | D:8      | Reached XP level 9. HP: -17/43 MP: 0/10
  8022 | D:8      | Killed Gastronok
  8246 | D:8      | Found a snail-covered altar of Cheibriados.
  8304 | D:8      | Reached skill level 10 in Unarmed Combat
  8304 | D:8      | Reached XP level 10. HP: 48/48 MP: 9/11
  8311 | D:8      | Found a staircase to the Lair.
  8560 | D:8      | Reached ****** piety under Trog
  8822 | D:9      | Noticed Psyche
  8829 | D:9      | Killed Psyche
  9019 | D:9      | Found a staircase to the Orcish Mines.
  9077 | D:9      | Reached skill level 10 in Dodging
  9228 | D:9      | Found a sacrificial altar of Ru.
  9256 | D:9      | Reached skill level 10 in Stealth
  9617 | D:9      | Found an opulent altar of Gozag.
  9814 | D:10     | Entered Level 10 of the Dungeon
 10669 | D:10     | Reached XP level 11. HP: 52/52 MP: 12/12
 10939 | D:11     | Reached skill level 11 in Unarmed Combat
 11660 | D:12     | Noticed a green ugly thing
 11672 | D:12     | Killed a green ugly thing
 11699 | D:12     | Noticed a cyan ugly thing
 11844 | D:12     | Killed a cyan ugly thing
 11851 | D:12     | Noticed a two-headed ogre
 11893 | D:12     | Killed a two-headed ogre
 11915 | D:12     | Noticed a cyan ugly thing
 11924 | D:12     | Killed a cyan ugly thing
 12033 | D:12     | Noticed an unseen horror
 12044 | D:12     | Killed an unseen horror
 12181 | D:13     | Found Ykomye Fiown's Weapon Boutique.
 12183 | D:13     | Noticed a centaur warrior
 12693 | D:13     | Reached skill level 12 in Unarmed Combat
 12718 | D:13     | Noticed a cyan ugly thing
 12721 | D:13     | Killed a cyan ugly thing
 12746 | D:13     | Killed a centaur warrior
 12746 | D:13     | Gained mutation: Your thick and shaggy fur keeps you warm.
                  | (AC +3, rC+) [Felid growth]
 12746 | D:13     | Reached XP level 12. HP: 16/58 MP: 3/13
 13009 | D:13     | You fall into a shaft and drop 2 floors!
 13009 | D:15     | Entered Level 15 of the Dungeon
 13071 | D:15     | Noticed Jorgrun
 13082 | D:15     | Killed Jorgrun
 13090 | D:15     | Noticed a tengu warrior
 13126 | D:15     | Killed a tengu warrior
 13266 | D:15     | Noticed a two-headed ogre
 13273 | D:15     | Killed a two-headed ogre
 13307 | D:15     | Noticed a two-headed ogre
 13361 | D:15     | Killed a two-headed ogre
 13463 | D:13     | Noticed a six-headed hydra
 13465 | D:13     | Killed a six-headed hydra
 13512 | D:13     | Noticed a two-headed ogre
 13537 | D:13     | Killed a two-headed ogre
 13561 | D:13     | Noticed a two-headed ogre
 13562 | D:13     | Noticed a two-headed ogre
 13563 | D:13     | Noticed an ogre mage
 13563 | D:13     | Noticed a two-headed ogre
 13572 | D:13     | Killed a two-headed ogre
 13572 | D:13     | Reached skill level 13 in Unarmed Combat
 13578 | D:13     | Killed a two-headed ogre
 13580 | D:13     | Noticed a two-headed ogre
 13582 | D:13     | Killed an ogre mage
 13853 | D:13     | Killed a two-headed ogre
 14016 | D:13     | Killed a two-headed ogre
 14095 | D:13     | Reached XP level 13. HP: 62/62 MP: 11/14
 14172 | D:13     | You fall into a shaft and drop 2 floors!
 14292 | D:13     | Reached skill level 10 in Fighting
 14348 | D:14     | Found a gate to the Vaults.
 14855 | D:14     | Reached skill level 10 in Evocations
 15068 | D:14     | Found a shimmering altar of Xom.
 15070 | D:14     | Found a shimmering blue altar of Sif Muna.
 15070 | D:14     | Found a broken altar of Ashenzari.
 15072 | D:14     | Found a hazy altar of Hepliaklqana.
 15072 | D:14     | Found a shimmering blue altar of Sif Muna.
 15072 | D:14     | Found an ornate altar of the Wu Jian Council.
 15602 | D:15     | Found a staircase to the Depths.
 15602 | D:15     | Noticed a fire giant
 15642 | D:15     | Killed a fire giant
 16268 | Lair:1   | Entered Level 1 of the Lair of Beasts
 16652 | Lair:1   | Reached skill level 14 in Unarmed Combat
 17326 | Lair:2   | Noticed Nergalle
 17331 | Lair:2   | Killed Nergalle
 17718 | Lair:2   | Found a staircase to the Snake Pit.
 17959 | Lair:2   | Identified a scroll of acquirement
 17960 | Lair:2   | Acquired the amulet of Fedhas's Approval {Reflect +Blink
                  | +Inv Str+4 Int+4 SH+5}
 18253 | Lair:3   | Reached XP level 14. HP: 67/67 MP: 15/15
 18648 | Lair:3   | Found a glowing golden altar of the Shining One.
 18880 | Lair:3   | Found a staircase to the Shoals.
 20438 | Lair:5   | Found a staircase to the Slime Pits.
 20467 | Lair:5   | Got a coiled ivory ring
 20470 | Lair:5   | Identified the ring of Wonder {Fire Stlth+} (You found it
                  | on level 5 of the Lair of Beasts)
 20597 | Lair:5   | Acquired a manual of Unarmed Combat
 20599 | Lair:5   | Acquired a manual of Fighting
 20731 | Lair:5   | Reached skill level 15 in Unarmed Combat
 21396 | Lair:6   | Entered Level 6 of the Lair of Beasts
 21415 | Lair:6   | Found a dark tunnel.
 21424 | Volcano  | Entered a volcano
 21543 | Volcano  | Gained mutation: Your spells are a little easier to cast,
                  | but a little less powerful. [mutagenic glow]
 21994 | Lair:6   | Reached skill level 15 in Stealth
 22008 | Lair:6   | Reached skill level 16 in Unarmed Combat
 22428 | Lair:6   | Reached XP level 15. HP: 57/74 MP: 16/16
 22681 | Lair:6   | Noticed Kirke
 22696 | Lair:6   | Killed Kirke
 22700 | Lair:6   | Found a burning altar of Makhleb.
 22851 | Lair:6   | Found a gateway to Hell.
 22860 | Lair:6   | Got a polished plate armour
 22862 | Lair:6   | Identified the cursed +1 plate armour "Igirair" {Regen+
                  | Int+2} (You found it on level 6 of the Lair of Beasts)
 23409 | Lair:6   | Got a smoking iron ring
 23434 | Lair:6   | Identified the ring "Ohorph" {MR++ EV+4 Dex-3} (You found
                  | it on level 6 of the Lair of Beasts)
 23982 | Orc:1    | Entered Level 1 of the Orcish Mines
 24101 | Orc:1    | Reached skill level 15 in Dodging
 24167 | Orc:1    | Found a frozen archway.
 24185 | IceCv    | Entered an ice cave
 24344 | IceCv    | Reached skill level 17 in Unarmed Combat
 24582 | IceCv    | Noticed a frost giant
 24606 | IceCv    | Killed a frost giant
 24848 | IceCv    | Identified Kyishopn's Collected Works on Snow
 25857 | Orc:2    | Entered Level 2 of the Orcish Mines
 25861 | Orc:2    | Noticed Donald
 25882 | Orc:2    | Killed Donald
 25965 | Orc:2    | Noticed Nessos
 25973 | Orc:2    | Killed Nessos
 26118 | Orc:2    | Found a staircase to the Elven Halls.
 26920 | Orc:2    | Found a roughly hewn altar of Beogh.
 26987 | Orc:2    | Noticed Urug
 27001 | Orc:2    | Killed Urug
 27134 | Orc:2    | Found Coemi's Antique Weapon Emporium.
 27134 | Orc:2    | Found Gubiulau's Distillery.
 27192 | Orc:2    | Bought a potion of mutation for 136 gold pieces
 27290 | Orc:2    | Found Ibliucs's General Store.
 27290 | Orc:2    | Found Nimeimuh's Weapon Shop.
 27294 | Orc:2    | Bought a scroll of teleportation for 45 gold pieces
 27294 | Orc:2    | Bought a potion of resistance for 150 gold pieces
 27326 | Orc:2    | Found Lymawac's Weapon Shoppe.
 27788 | Shoals:1 | Entered Level 1 of the Shoals
 27954 | Shoals:1 | Reached skill level 18 in Unarmed Combat
 28181 | Shoals:1 | Reached XP level 16. HP: 80/80 MP: 14/17
 28439 | Shoals:1 | Gained mutation: Your body sometimes deteriorates upon
                  | taking damage. [mutagenic glow]
 29073 | Shoals:2 | Identified the Tome of the Oath and Creation
 29841 | Shoals:3 | Noticed Polyphemus
 30113 | Shoals:2 | HP: 1/81 [faun/+0 spear[a satyr] (21)]
 31187 | Shoals:2 | Reached skill level 19 in Unarmed Combat
 32528 | Shoals:3 | Found Enixt's Weapon Shop.
 33100 | Shoals:3 | Killed Polyphemus
 33100 | Shoals:3 | Reached skill level 15 in Fighting
 33599 | Shoals:3 | Reached XP level 17. HP: 73/87 MP: 18/18
 33961 | Shoals:4 | Entered Level 4 of the Shoals
 34744 | Shoals:4 | Killed from afar by a water nymph
 34745 | Shoals:4 | Reached XP level 16. HP: -2/124 MP: 17/17
 35693 | Shoals:4 | Identified the +12 scimitar of Dim Light {vorpal, Int+3}
 36023 | Shoals:4 | Found Lumaept's Antique Armour Shoppe.
 36145 | Shoals:4 | Got a barnacled rune of Zot
 36627 | Vaults:1 | Entered Level 1 of the Vaults
 36859 | Vaults:1 | Reached skill level 20 in Unarmed Combat
 37051 | Vaults:1 | Noticed a sphinx
 37071 | Vaults:1 | Killed a sphinx
 37386 | Vaults:1 | Reached XP level 17. HP: 89/89 MP: 18/18
 37932 | Vaults:1 | Slain by a slime creature
 37933 | Vaults:1 | Reached XP level 16. HP: -2/85 MP: 17/17
 38230 | Vaults:1 | Slain by a vault warden

Illustrated notes

Levels and vault maps discovered:
D:1:      roderic_crop_circles_arrival_small, layout_loops_ring
D:2:      layout_loops_ring, overflow_temple_1_default, grunt_ministairs_7,
          uniq_robin, uniq_sigmund, uniq_crazy_yiuf_cottage
D:3:      layout_basic
D:4:      layout_rooms, kennysheep_cross_bottleneck, uniq_ijyb, uniq_duvessa
D:5:      layout_basic, grunt_qazlal_sundering,
          nicolae_overflow_quartered_altars, lightli_sewer_entry_pipes,
          serial_shops, shop
D:6:      layout_loops_ring, nicolae_overflow_hidden_temple,
          minmay_temple_entry_purple_smoke, gup_ossuary_entry_pyramid,
          serial_shops, nicolae_shop_waterfront, lemuel_flame_loot_1,
          uniq_prince_ribbit1, uniq_pikel
D:7:      layout_gridville, zin_purify
D:8:      layout_gridville, lemuel_coloured_pillars_altar,
          due_lair_maze_entry_diamond, uniq_gastronok
D:9:      layout_loops_cross, zombieorc2_lemuel, basic_altar,
          nicolae_gozag_cash_rules_everything_around_me, uniq_psyche
D:10:     layout_stronghold
D:11:     kennysheep_six_static_rooms, layout_rooms
D:12:     layout_loops_cross
D:13:     layout_roguey, serial_shops, nicolae_shop_trees
D:14:     layout_cave_pools, david_vaults_5, hangedman_abyss_or_decor_clamps,
          doesnt_xom_only_xom
D:15:     grunt_enter_depths_giant_problem, layout_long_grid,
          hangedman_abyss_or_decor_slice, uniq_jorgrun
Lair:1:   layout_regular_city, chequers_serial_rivers_micro_c
Lair:2:   layout_hall_layers, guppyfry_snake_entry_garden,
          chequers_serial_rivers_large_a, uniq_nergalle
Lair:3:   layout_hall_layers, elwin_shoals_entry_rooms, basic_altar,
          grunt_megastairs_2, serial_bayou_shore_b
Lair:4:   beast_lair_carwin_large_1, layout_regular_city, grunt_megastairs_1
Lair:5:   layout_regular_city, nicolae_slime_entry_slimehenge
Lair:6:   evil_forest, layout_cellular_growth, enter_volcano_1, minivault_25,
          eino_house_with_fridge, uniq_kirke
Shoals:1: layout_shoals, nicolae_shoals_loop_pool
Shoals:2: layout_shoals
Shoals:3: layout_shoals, serial_shops, shop, uniq_polyphemus
Shoals:4: shoals_end_grunt_ice, layout_shoals, serial_shops,
          nicolae_shop_overgrown_old_shop
Orc:1:    layout_diamond_mine, portal_ice_cave_demonic_guard, special_room
          [special_room_orc]
Orc:2:    st_orc_town, layout_diamond_mine, serial_shops, nicolae_shop_crystal,
          uniq_nessos, uniq_donald, uniq_urug
Vaults:1: hangedman_vaults_variations, nicolae_vaults_c_with_doors, v_misc_13,
          ontoclasm_vaults_loading_screen, vaults_room_stairs_pillars,
          hangedman_vaults_stitches, hangedman_vaults_impose,
          nicolae_vaults_network_s, ontoclasm_vaults_pinch,
          nicolae_vaults_asterisk, vaults_mumra_hex, layout_vaults_maze_bifur,
          uniq_asterion

Skill      XL: |  1  2  3  4  5  6  7  8  9 10 11 12 13 14 15 16 17 |
---------------+----------------------------------------------------+-----
Stealth        | 1 2 3 4 5 7 9 10 11 12 13 15 16 | 16.0
Dodging        | 5 6 7 9 10 11 12 13 14 15 18 17 | 18.0
Unarmed Combat | 4 5 6 7 10 12 13 14 16 18 20 | 20.5
Fighting       | 4 5 7 8 9 10 12 13 16 | 16.5
Evocations     | 2 4 6 7 8 9 10 11 12 14 | 14.8

Action                   |  1- 3 |  4- 6 |  7- 9 | 10-12 | 13-15 | 16-18 || total
-------------------------+-------+-------+-------+-------+-------+-------++-------
Melee: Unarmed           |   118 |   103 |   452 |   434 |  1058 |   752 ||  2917
       Bite              |     9 |     9 |    37 |    57 |   112 |    91 ||   315
       Punch             |     1 |     1 |     7 |    33 |    91 |    82 ||   215
Invok: Berserk           |     4 |     4 |    23 |    20 |    34 |    31 ||   116
       Trog's Hand       |       |       |     2 |       |     4 |     4 ||    10
       Brothers in Arms  |       |       |       |       |     3 |       ||     3
 Abil: Blink             |       |       |     1 |       |       |       ||     1
       Evoke Invisibilit |       |       |       |       |    32 |    37 ||    69
Evoke: Wand              |       |       |     5 |    20 |    13 |    31 ||    69
       Box of beasts     |       |       |     2 |     8 |    15 |    10 ||    35
       Tin of tremorston |       |       |       |       |       |     2 ||     2
  Use: Potion            |     2 |       |     3 |       |     2 |    15 ||    22
       Scroll            |       |       |    13 |    10 |    12 |     1 ||    36
 Stab: Sleeping          |     5 |     8 |    42 |    32 |   109 |    32 ||   228
       Distracted        |       |     1 |     1 |     2 |    15 |     5 ||    24
       Invisible         |       |       |       |       |    89 |    84 ||   173
       Paralysed         |       |       |       |       |     1 |       ||     1
       Held in net/web   |       |       |       |       |       |     1 ||     1
Armor: Skin              |     6 |     8 |    17 |    12 |    17 |     9 ||    69
Dodge: Dodged            |   122 |    97 |   347 |   389 |   822 |   727 ||  2504
Block: Other             |       |       |       |       |   112 |   110 ||   222
       Reflection        |       |       |       |       |     7 |    14 ||    21

Table legend: (Time is in decaauts)
 A = Elapsed time spent in this place.
 B = Non-inter-level travel time spent in this place.
 C = Inter-level travel time spent in this place.
 D = Time resting spent in this place.
 E = Time spent auto-exploring this place.
 F = Levels seen in this place.
 G = Mean time per level.
                   A        B        C        D        E       F      G
               +--------+--------+--------+--------+--------+-----+--------+
         Total |  35335 |  34235 |   1100 |   3526 |  23670 |  32 | 1104.2 |
       Dungeon |  14369 |  13815 |    554 |   1811 |   9129 |  15 |  957.9 |
          Lair |   6529 |   6209 |    320 |     13 |   5116 |   6 | 1088.2 |
        Shoals |   8560 |   8397 |    163 |   1010 |   5880 |   4 | 2140.0 |
  Orcish Mines |   2392 |   2330 |     62 |    457 |   1189 |   2 | 1196.0 |
        Vaults |   1210 |   1210 |      0 |     30 |    829 |   1 | 1210.0 |
         Sewer |    448 |    448 |      0 |      0 |    335 |   1 |  448.0 |
       Ossuary |    482 |    482 |      0 |     40 |    329 |   1 |  482.0 |
      Ice Cave |    960 |    960 |      0 |    163 |    595 |   1 |  960.0 |
       Volcano |    382 |    382 |      0 |      0 |    263 |   1 |  382.0 |
               +--------+--------+--------+--------+--------+-----+--------+

Top non-repeatable levels by time:
Shoals:4: 2443 daAuts
Shoals:2: 2367 daAuts
Shoals:3: 1889 daAuts
Shoals:1: 1860 daAuts
  Lair:6: 1809 daAuts
    D:12: 1295 daAuts
   Orc:1: 1222 daAuts
Vaults:1: 1210 daAuts
     D:7: 1203 daAuts
    D:15: 1196 daAuts
   Orc:2: 1169 daAuts
     D:4: 1145 daAuts
  Lair:4: 1140 daAuts
     D:8: 1103 daAuts
    D:14: 1099 daAuts
